 Dungeon Crawl Stone Soup version 0.29-a0-520-gc852659d43 (webtiles) character file.

Game seed: 7312274883965761306

52131 kae the Arsonist (level 13, -6/110 HPs)
             Began as a Demigod Fire Elementalist on May 31, 2022.
             Succumbed to a redback's poison
             ... on level 3 of the Lair of Beasts.
             The game lasted 00:18:47 (25952 turns).

kae the Arsonist (Demigod Fire Elementalist)       Turns: 25952, Time: 00:18:48

Health: -6/110     AC: 17    Str: 15    XL:     13   Next: 93%
Magic:  1/29       EV: 14    Int: 33    God:
Gold:   1487       SH:  0    Dex: 14    Spells: 2/28 levels left

rFire   + . .      SeeInvis .   P - staff of fire
rCold   . . .      Faith    .   (no shield)
rNeg    . . .      Spirit   .   v - +5 ring mail of Uggoriwn {Str+6}
rPois   .          Reflect  .   (no helmet)
rElec   .          Harm     .   k - +1 cloak
rCorr   .          Rampage  .   z - +0 pair of gloves
Will    +....                   (no boots)
Stlth   +.........              (no amulet)
HPRegen 0.28/turn               F - ring of flight
MPRegen 0.21/turn               N - +4 ring of protection

@: lethally poisoned (-6 -> -65), flying
A: high MP 1, forlorn, divine attributes
a: no special abilities


You were on level 3 of the Lair of Beasts.
You visited 2 branches of the dungeon, and saw 17 of its levels.
You also visited: Volcano.

You collected 1562 gold pieces.
You spent 75 gold pieces at shops.

Inventory:

Hand Weapons
 n - the +4 quarterstaff of the Wraith {flame, rPois Str+2 Int+2 Dex-4}
   (You found it on level 2 of the Dungeon)

   It burns those it strikes, dealing additional fire damage.
   Str:       It affects your strength (+2).
   Int:       It affects your intelligence (+2).
   Dex:       It affects your dexterity (-4).
   rPois:     It protects you from poison.
Missiles
 H - 3 throwing nets
Armour
 a - a +1 robe
 k - a +1 cloak (worn)
 v - the +5 ring mail of Uggoriwn (worn) {Str+6}
   (You found it on level 4 of the Dungeon)

   Str:       It affects your strength (+6).
 y - +0 steam dragon scales
 z - a +0 pair of gloves (worn)
Magical Staves
 P - a staff of fire (weapon)
Jewellery
 F - a ring of flight (left hand)
 N - a +4 ring of protection (right hand)
 O - a +6 ring of strength
 Q - a ring of protection from cold
 T - a +4 ring of slaying
 U - a +4 ring of protection
 V - a ring of fire
Wands
 l - a wand of polymorph (12)
 m - a wand of mindburst (11)
 o - a wand of charming (10)
 r - a wand of iceblast (25)
 x - a wand of flame (21)
 B - a wand of digging (4)
 J - a wand of acid (7)
 M - a wand of paralysis (13)
Scrolls
 f - a scroll of enchant armour
 i - 2 scrolls of amnesia
 j - 10 scrolls of magic mapping
 p - 3 scrolls of blinking
 w - 2 scrolls of enchant weapon
 A - 2 scrolls of poison
 C - 3 scrolls of fear
 E - 5 scrolls of teleportation
 G - a scroll of brand weapon
 L - 2 scrolls of summoning
 R - 3 scrolls of identify
 S - a scroll of fog
Potions
 b - 2 potions of magic
 c - 5 potions of might (quivered)
 d - a potion of invisibility
 e - 11 potions of curing
 g - 2 potions of brilliance
 h - 6 potions of haste
 q - 3 potions of mutation
 s - 2 potions of attraction
 t - 5 potions of lignification
 u - 3 potions of degeneration
 D - a potion of resistance
 I - 2 potions of flight
 K - 3 potions of heal wounds


   Skills:
 - Level 8.8 Fighting
 - Level 2.4 Armour
 - Level 9.0 Dodging
 - Level 1.7 Stealth
 - Level 8.3 Spellcasting
 + Level 11.0 Conjurations
 - Level 12.7 Fire Magic
 - Level 2.5 Ice Magic
 - Level 4.1 Evocations


You had 2 spell levels left.
You knew the following spells:

 Your Spells              Type           Power      Damage    Failure   Level
a - Foxfire               Conj/Fire      100%       2x1d9     1%          1
b - Scorch                Fire           100%       2d10      1%          2
c - Conjure Flame         Conj/Fire      95%        6-21      1%          3
d - Inner Flame           Hex/Fire       71%        N/A       1%          3
e - Flame Wave            Conj/Fire      95%        2d16      1%          4
f - Starburst             Conj/Fire      47%        6d13      8%          6
g - Fireball              Conj/Fire      47%        3d19      1%          5
h - Shock                 Conj/Air       100%       1d9       1%          1
i - Freeze                Ice            100%       1d11      2%          1

Your spell library contained the following spells:

 Spells                   Type           Power      Damage    Failure   Level
 Static Discharge         Conj/Air       50%        N/A       1%          2
 Sting                    Tmut/Pois      52%        1d5       6%          1
 Ensorcelled Hibernation  Hex/Ice        44%        N/A       6%          2
 Poisonous Vapours        Pois/Air       26%        N/A       10%         2
 Sticky Flame             Conj/Fire      95%        2d10      1%          4
 Hailstorm                Conj/Ice       55%        3d12      4%          4
 Frozen Ramparts          Ice            60%        1d8       7%          3
 Call Canine Familiar     Summ           13%        N/A       19%         3
 Portal Projectile        Hex/Tloc       26%        N/A       19%         3
 Spider Form              Tmut/Pois      13%        N/A       19%         3
 Swiftness                Air            13%        N/A       19%         3
 Tukima's Dance           Hex            13%        N/A       19%         3
 Airstrike                Air            6%         N/A       54%         4
 Anguish                  Hex/Necr       6%         N/A       54%         4
 Cause Fear               Hex            6%         N/A       54%         4
 Dispel Undead            Necr           13%        3d9       54%         4
 Leda's Liquefaction      Hex/Erth       6%         N/A       54%         4
 Olgreb's Toxic Radiance  Pois           13%        N/A       54%         4
 Blade Hands              Tmut           6%         N/A       87%         5
 Lee's Rapid Deconstruct  Erth           6%         3d7*      87%         5
 Ignition                 Fire           49%        3d14      92%         8
 Statue Form              Tmut/Erth      8%         N/A       100%        6
 Dragon Form              Tmut           6%         N/A       100%        7
 Enfeeble                 Hex            6%         N/A       100%        7
 Dragon's Call            Summ           6%         N/A       100%        9


Dungeon Overview and Level Annotations

Branches:
Dungeon (13/15)            Temple (0/1) D:7            Lair (4/6) D:9
  Swamp (0/4) Lair:3          Orc (0/2) D:11        Volcano (visited)
  Snake: Lair:2-4    Spider: Lair:2-4    Vaults: D:13-14

Shops:
D:3 =*[?[   D:13 (


Innate Abilities, Weirdness & Mutations

You have an increased reservoir of magic. (+10% MP)
You shall have no god before yourself.
Your divine heritage dramatically boosts your attributes as you level up.


Message History

You feel extremely sick. The wolf bites you but does no damage.
The wolf misses you. The redback closely misses you.
You feel extremely sick.
The foxfire hits the wolf.
The wolf is lightly wounded.
The foxfire hits the wolf.
The wolf is severely wounded.
The wolf bites you but does no damage. x2; The redback completely misses you.
The wolf bites you but does no damage. The wolf barely misses you.
The redback bites you!
Casting: Foxfire (safe; 1% risk of failure)
Confirm with . or Enter, or press ? or * to list all spells.
You feel a surge of power!
You conjure some foxfire!
You feel very sick. The wolf bites you.
* * * LOW HITPOINT WARNING * * *
The wolf closely misses you.
The redback bites you but does no damage.
The wolf bites you but does no damage. The wolf barely misses you.
You feel very sick.
The foxfire hits the wolf.
The wolf is almost dead.
The foxfire hits the wolf but does no damage.
The wolf is lightly wounded.
The redback bites you!
* * * LOW HITPOINT WARNING * * *
You are lethally poisoned!
The redback poisons you! The wolf bites you but does no damage.
The wolf bites you.
* * * LOW HITPOINT WARNING * * *
The redback misses you. The wolf closely misses you. The wolf bites you!
* * * LOW HITPOINT WARNING * * *
Casting: Foxfire (safe; 1% risk of failure)
Confirm with . or Enter, or press ? or * to list all spells.
You don't have enough magic to cast this spell.
Unknown command.
As you read the scroll of fog, it crumbles to dust.
The scroll dissolves into smoke.
You die...

...#...<...#P..............#.#...
.................................
...#.<.8.>.#.....................
.........÷.......................
..P#...<...#....................#
....#.....#..............####...#
.P...#.#.#.....#.........# #...#
.....P...P....##§§.......####...#
.÷.P...P...P.##§@§........##.....
...>...........hhs...............
.................§...............
..........................##.....
..........................####..>
..........................## #...
...........................###...
.................................
.................................


You could see a redback and 2 wolves.

Vanquished Creatures
  A fire dragon (Volcano)
  Josephine (D:11)
  A boulder beetle (D:11)
  2 catoblepae
  2 hydras
  A centaur warrior (D:8)
  2 two-headed ogres
  3 sun demons (Volcano)
  Sonja (D:11)
  5 skeletal warriors
  A lindwurm (Lair:1)
  2 cyclopes
  2 ugly things
  Joseph (D:10)
  A black mamba (Lair:4)
  2 smoke demons (Volcano)
  3 cane toads
  2 unseen horrors
  5 komodo dragons
  A troll (D:11)
  A meliai (D:8)
  A tarantella (shapeshifter) (D:8)
  Prince Ribbit (D:6)
  7 slime creatures
  3 wraiths (D:11)
  5 wyverns
  A shadow (D:11)
  3 basilisks
  A water elemental (D:13)
  30 yaks
  A redback (Lair:4)
  5 steam dragons
  13 vampire mosquitoes
  8 water moccasins
  2 acid dragons
  Duvessa (D:7)
  3 ice beasts
  2 orc warriors
  A sky beast (D:7)
  3 black bears
  3 ogres
  10 wolves
  3 centaurs
  A phantom (D:5)
  2 kobold brigands
  5 bullfrogs
  A necrophage (D:5)
  A gnoll sergeant (D:8)
  5 scorpions
  5 wights (D:9)
  10 killer bees
  Dowan (D:7)
  5 electric eels (D:13)
  3 howler monkeys
  5 hounds (D:5)
  6 orc priests
  3 jellies
  7 orc wizards
  Ijyb (D:5)
  An iguana (D:5)
  10 gnolls
  10 adders
  A shadow imp (D:6)
  A white imp (D:8)
  A worm (D:4)
  3 dart slugs
  28 orcs
  4 endoplasms
  5 giant cockroaches
  7 goblins
  10 hobgoblins
  3 jackals
  13 kobolds
  4 quokkas
  2 ball pythons (D:3)
  4 bats
  3 frilled lizards
  9 rats
327 creatures vanquished.

Vanquished Creatures (collateral kills)
  A foxfire (Lair:3)
1 creature vanquished.

Vanquished Creatures (others)
  A gargoyle (D:13)
  817 foxfires
  7 fungi
  11 plants
836 creatures vanquished.

Grand Total: 1164 creatures vanquished

Notes
Turn   | Place    | Note
-------+----------+-------------------------------------------
     0 | D:1      | kae the Demigod Fire Elementalist began the quest for the
                  | Orb.
     0 | D:1      | Reached XP level 1. HP: 14/14 MP: 5/5
   141 | D:1      | Reached skill level 1 in Conjurations
   341 | D:1      | Reached XP level 2. HP: 22/22 MP: 2/7
   729 | D:1      | Reached skill level 3 in Fire Magic
  1677 | D:2      | Reached XP level 3. HP: 15/27 MP: 5/8
  2362 | D:2      | Identified the +4 quarterstaff of the Wraith {flame, rPois
                  | Str+2 Int+2 Dex-4}
  2534 | D:3      | Reached skill level 1 in Fighting
  2802 | D:3      | Found Vanyl's Jewellery Boutique.
  3096 | D:3      | Reached XP level 4. HP: 35/35 MP: 7/9
  3123 | D:3      | Found Coiveist's Assorted Antiques.
  3172 | D:3      | Found Licoheto's Armour Shop.
  3190 | D:3      | Found Foaggau's Magic Scroll Emporium.
  3227 | D:3      | Bought a scroll of blinking for 75 gold pieces
  3265 | D:3      | Found Veizome's Antique Armour Shoppe.
  4523 | D:4      | Reached XP level 5. HP: 40/40 MP: 3/11
  4754 | D:4      | Reached skill level 4 in Fire Magic
  4902 | D:4      | Identified the +5 ring mail of Uggoriwn {Str+6}
  5118 | D:4      | Noticed a black bear
  5132 | D:4      | Killed a black bear
  5133 | D:4      | Reached XP level 6. HP: 40/48 MP: 5/12
  5136 | D:4      | Learned a level 2 spell: Scorch
  5140 | D:4      | Learned a level 3 spell: Conjure Flame
  5144 | D:4      | Learned a level 3 spell: Inner Flame
  5287 | D:5      | Entered Level 5 of the Dungeon
  5535 | D:5      | Noticed Ijyb
  5547 | D:5      | Killed Ijyb
  5794 | D:5      | Reached XP level 7. HP: 28/56 MP: 3/14
  5944 | D:5      | Reached skill level 5 in Fire Magic
  6639 | D:5      | Noticed a steam dragon
  6645 | D:5      | Reached XP level 8. HP: 58/63 MP: 13/16
  7059 | D:6      | Reached skill level 5 in Conjurations
  7123 | D:6      | Noticed Prince Ribbit
  7131 | D:6      | Killed Prince Ribbit
  7132 | D:6      | Reached skill level 6 in Fire Magic
  7199 | D:6      | Found the +7 Kryia's mail coat {PotionHeal*2 rC+}
  8594 | D:6      | Learned a level 4 spell: Flame Wave
  8711 | D:7      | Reached XP level 9. HP: 24/71 MP: 10/18
  8721 | D:7      | Reached skill level 7 in Fire Magic
  9112 | D:7      | Reached skill level 5 in Fighting
  9112 | D:7      | Reached skill level 5 in Spellcasting
  9112 | D:7      | Reached skill level 8 in Fire Magic
  9112 | D:7      | Reached XP level 10. HP: 82/82 MP: 19/22
  9113 | D:7      | Reached skill level 9 in Fire Magic
  9113 | D:7      | Reached XP level 11. HP: 91/91 MP: 19/24
  9135 | D:7      | Learned a level 6 spell: Starburst
  9328 | D:7      | Found a staircase to the Ecumenical Temple.
  9671 | D:7      | Noticed Duvessa
  9679 | D:7      | Killed Duvessa
  9681 | D:7      | Noticed Dowan
  9688 | D:7      | Killed Dowan
 10017 | D:8      | Reached skill level 10 in Conjurations
 10017 | D:8      | Reached skill level 10 in Fire Magic
 10017 | D:8      | Reached XP level 12. HP: 100/100 MP: 24/26
 10270 | D:8      | Noticed a centaur warrior
 10281 | D:8      | Noticed a seven-headed hydra
 10284 | D:8      | Killed a centaur warrior
 10288 | D:8      | Killed a seven-headed hydra
 10291 | D:8      | HP: 3/100 [komodo dragon (17)]
 11134 | D:8      | Noticed a two-headed ogre
 11141 | D:8      | Killed a two-headed ogre
 11142 | D:8      | Reached skill level 11 in Fire Magic
 11726 | D:8      | Learned a level 5 spell: Fireball
 13474 | D:9      | Found a staircase to the Lair.
 13801 | D:10     | Entered Level 10 of the Dungeon
 13973 | D:10     | Noticed Joseph
 13979 | D:10     | Killed Joseph
 15314 | D:11     | Noticed a two-headed ogre
 15320 | D:11     | Killed a two-headed ogre
 15382 | D:11     | Noticed Josephine
 15446 | D:11     | Killed Josephine
 15631 | D:11     | Noticed Sonja
 15641 | D:11     | Killed Sonja
 15642 | D:11     | Reached XP level 13. HP: 87/107 MP: 15/28
 15819 | D:11     | Found a staircase to the Orcish Mines.
 16686 | D:12     | Reached skill level 12 in Fire Magic
 19639 | D:13     | Found Kejuod's Antique Weapon Emporium.
 19826 | D:13     | Identified a scroll of acquirement
 19826 | D:13     | Acquired a staff of fire
 20070 | Lair:1   | Entered Level 1 of the Lair of Beasts
 20269 | Lair:1   | Found a dark tunnel.
 20690 | Lair:1   | Learned a level 1 spell: Shock
 20692 | Lair:1   | Learned a level 1 spell: Freeze
 20693 | Volcano  | Entered a volcano
 21443 | Volcano  | Reached skill level 1 in Ice Magic
 21443 | Volcano  | Reached skill level 1 in Evocations
 24552 | Lair:3   | Found a staircase to the Swamp.
 25952 | Lair:3   | Succumbed to a redback's poison

Illustrated notes

Levels and vault maps discovered:
D:1:      saegor_arrival_under_anarchy, layout_loops_ring
D:2:      layout_loops_cross, shapermc_ecumenical_altar_flowoftime,
          dk_noncrumbling_3
D:3:      wander_river, layout_rooms, tso_metal_star,
          nicolae_ru_great_annihilating_truth, mainiacjoe_overflow_divided_tiny,
          serial_shops, nicolae_shop_advertising_works
          [nicolae_subvault_shop_adworks], nicolae_shop_statue_plus,
          nicolae_shop_crystal, nicolae_shop_stone, shop, supply_closet_lemuel,
          grunt_ministairs_15
D:4:      black_bear_nest_1, layout_cave_pools, kennysheep_slug_shrine
D:5:      minmay_polygon_palace, layout_basic, minivault_27,
          hangedman_decor_lopped, dreamdust_wishing_well, uniq_ijyb
D:6:      layout_layer_cave, mainiacjoe_overflow_chevrons,
          minmay_misc_feat_cross, uniq_prince_ribbit1
D:7:      layout_loops_cross, nzn_wu_jian_contemplation,
          mainiacjoe_overflow_swirl, minmay_temple_entry_overgrown, uniq_duvessa
D:8:      minmay_the_grid_octo_2x2 [minmay_the_grid_octo_tetromino_candy,
          minmay_the_grid_octo_chip, minmay_the_grid_octo_concentric,
          minmay_the_grid_octo_prize_big_c], layout_layer_cave
D:9:      layout_long_grid, grunt_temple_overflow_forces_of_nature,
          erik_lair_dragon
D:10:     layout_loops_ring, uniq_joseph
D:11:     layout_loops_ring, orc_0_dummy, uniq_sonja, uniq_josephine
D:12:     layout_rooms
D:13:     layout_basic, serial_shops, shop
Lair:1:   layout_regular_city, nicolae_volcano_entry_vermiform
Lair:2:   layout_hall_layers
Lair:3:   layout_small_grid, swamp_mist, evilmike_ambush
          [evilmike_ambush_outer_pillars, evilmike_ambush_inner_basic]
Lair:4:   layout_loops_ring, spider_nest_entry_a

Skill      XL: |  1  2  3  4  5  6  7  8  9 10 11 12 13 |
---------------+----------------------------------------+-----
Conjurations   | 1 2 3 4 6 8 9 10 11 | 11.0
Fire Magic     | 3 4 5 6 8 9 10 11 12 | 12.7
Dodging        | 2 3 4 6 7 8 9 |  9.0
Spellcasting   | 2 3 4 5 6 7 8 |  8.3
Fighting       | 1 2 3 4 5 6 7 8 |  8.8
Armour         | 2 |  2.4
Ice Magic      | 2 |  2.5
Evocations     | 4 |  4.1
Stealth        | |  1.7

Action                   |  1- 3 |  4- 6 |  7- 9 | 10-12 | 13-15 || total
-------------------------+-------+-------+-------+-------+-------++-------
Melee: Unarmed           |    18 |       |       |       |       ||    18
       Quarterstaff      |     5 |       |     3 |    70 |    36 ||   114
       Staff             |       |       |       |       |    72 ||    72
       Punch             |       |       |       |       |     3 ||     3
 Cast: Foxfire           |    99 |   123 |    89 |    45 |   136 ||   492
       Scorch            |       |     7 |    25 |    57 |    71 ||   160
       Flame Wave        |       |       |     4 |     9 |     2 ||    15
       Starburst         |       |       |       |    32 |    52 ||    84
       Conjure Flame     |       |       |       |     2 |     3 ||     5
       Freeze            |       |       |       |       |    41 ||    41
       Shock             |       |       |       |       |     2 ||     2
Evoke: Wand              |       |       |       |       |     7 ||     7
  Use: Scroll            |     5 |     6 |     7 |     4 |     3 ||    25
       Potion            |     2 |       |     2 |     3 |       ||     7
Armor: Robe              |    28 |    16 |    17 |       |       ||    61
       Steam dragon scal |       |       |    12 |     5 |       ||    17
       Ring mail         |       |       |       |   109 |   202 ||   311
Dodge: Dodged            |    64 |    32 |    75 |   189 |   315 ||   675

Table legend: (Time is in decaauts)
 A = Elapsed time spent in this place.
 B = Non-inter-level travel time spent in this place.
 C = Inter-level travel time spent in this place.
 D = Time resting spent in this place.
 E = Time spent auto-exploring this place.
 F = Levels seen in this place.
 G = Mean time per level.
                   A        B        C        D        E       F      G
               +--------+--------+--------+--------+--------+-----+--------+
         Total |  26036 |  25398 |    638 |   2068 |  20435 |  18 | 1446.4 |
       Dungeon |  20137 |  19632 |    505 |   1900 |  15498 |  13 | 1549.0 |
          Lair |   4416 |   4283 |    133 |      0 |   3839 |   4 | 1104.0 |
       Volcano |   1481 |   1481 |      0 |    168 |   1098 |   1 | 1481.0 |
               +--------+--------+--------+--------+--------+-----+--------+

Top non-repeatable levels by time:
    D:11: 2636 daAuts
     D:8: 2321 daAuts
     D:3: 1910 daAuts
     D:5: 1828 daAuts
     D:9: 1706 daAuts
  Lair:3: 1670 daAuts
 Volcano: 1481 daAuts
    D:12: 1472 daAuts
     D:6: 1454 daAuts
     D:7: 1341 daAuts
  Lair:1: 1334 daAuts
    D:13: 1290 daAuts
     D:2: 1265 daAuts
     D:1: 1232 daAuts
  Lair:2: 1173 daAuts
